 Dungeon Crawl Stone Soup version 0.30-a0-1002-ga41ad49a19 (webtiles) character file.

Game seed: 11498180369499141629

933 Antologik the Poker (level 7, 0/61 HPs)
             Began as a Minotaur Berserker on Apr 5, 2023.
             Was a Priest of Trog.
             Slain by a sky beast (6 damage)
             ... on level 6 of the Dungeon.
             The game lasted 00:33:02 (4948 turns).

Antologik the Poker (Minotaur Berserker)            Turns: 4948, Time: 00:33:02

Health: 0/61       AC:  8    Str: 23    XL:     7   Next: 86%
Magic:  6/6        EV: 11    Int:  4    God:    Trog [***...]
Gold:   445        SH:  0    Dex: 10    Spells: 6/6 levels left

rFire   . . .      SeeInvis .    w - +1 dire flail (protect)
rCold   . . .      Faith    .    (shield currently unavailable)
rNeg    . . .      Spirit   .    f - +0 scale mail
rPois   .          Reflect  .    (helmet restricted)
rElec   .          Rampage  .    (no cloak)
rCorr   .                        (no gloves)
Will    ++...                    m - +0 pair of boots Stlth
                                 (no amulet)
HPRegen 1.30/turn                (no ring)
MPRegen 0.10/turn                (no ring)

@: strong-willed, on berserk cooldown, regenerating, slowed, very slow
A: horns 2, retaliatory headbutt
a: Renounce Religion, Berserk, Trog's Hand


You were on level 6 of the Dungeon.
You worshipped Trog.
Trog was most pleased with you.
You visited 2 branches of the dungeon, and saw 7 of its levels.

You collected 445 gold pieces.

Inventory:

Hand Weapons
 a - a +0 spear
 n - a +2 short sword of holy wrath
 p - a +2 sling of freezing
 q - a +0 club
 s - the +1 rapier of Prudence {protect, rElec rN+ SInv, mr beast}
   (You found it on level 3 of the Dungeon)

   rElec:     It insulates you from electricity.
   rN:        It protects you from negative energy.
   SInv:      It lets you see invisible.
 w - a +1 dire flail of protection (weapon)
 A - a +0 shortbow
Armour
 b - a +0 animal skin
 d - a +0 leather armour
 f - a +0 scale mail (worn)
 m - a +0 pair of boots (worn)
 o - a +0 helmet
Wands
 v - a wand of polymorph (6)
 y - a wand of digging (5)
Scrolls
 c - a scroll of magic mapping {unknown}
 i - a scroll of enchant weapon {unknown}
 j - 2 scrolls of amnesia {unknown}
 l - 2 scrolls of teleportation {unknown}
 r - 4 scrolls of identify {unknown}
 u - a scroll of poison {unknown}
 x - a scroll of brand weapon {unknown}
 B - a scroll of noise {unknown}
Potions
 e - a potion of curing
 g - a potion of mutation {unknown}
 h - a potion of magic {unknown}
 k - a potion of attraction {unknown}
 t - 3 potions of resistance {unknown}
 z - a potion of flight {unknown}
 C - a potion of degeneration {unknown}


   Skills:
 + Level 5.6 Fighting
 + Level 2.6 Short Blades
 * Level 4.6 Maces & Flails
 - Level 5.6 Polearms
 + Level 0.1 Ranged Weapons
 + Level 5.4 Armour
 - Level 3.2 Dodging
 * Level 2.1 Evocations


You had 6 spell levels left.
You didn't know any spells.
Your spell library contained the following spells:

 Spells                   Type           Power      Damage    Failure   Level
 Foxfire                  Conj/Fire      0%         2x1d4     80%         1
 Vhi's Electric Charge    Tloc/Air       0%         N/A       99%         3
 Arcjolt                  Conj/Air       0%         1d10      100%        5
 Fireball                 Conj/Fire      0%         3d3       100%        5
 Plasma Beam              Fire/Air       0%         2x1d11    100%        6
 Starburst                Conj/Fire      0%         6d3       100%        6
 Maxwell's Capacitive Co  Air            0%         ∞         100%        8


Dungeon Overview and Level Annotations

Branches:
Dungeon (6/15)             Temple (1/1) D:4

Altars:
Cheibriados
Dithmenos
Gozag
Makhleb
Nemelex Xobeh
Okawaru
Qazlal
Ru
Sif Muna
Uskayaw
Vehumet
Wu Jian
Yredelemnul
Zin
The Shining One

Shops:
D:1 (


Innate Abilities, Weirdness & Mutations

You have a pair of horns on your head.
You reflexively headbutt those who attack you in melee.


Message History

The gnoll hits you from afar with a +0 spear.
* * * LOW HITPOINT WARNING * * *
You bludgeon the sky beast!!
The sky beast is severely wounded.
The sky beast hits you but does no damage.
The gnoll barely misses you.
The sky beast hits you but does no damage.
The gnoll hits you from afar with a +0 spear.
* * * LOW HITPOINT WARNING * * *
The sky beast attacks as you move away!
The sky beast hits you but does no damage.
You feel the effects of Trog's Hand fading.
You closely miss the sky beast.
The sky beast is heavily wounded.
The sky beast hits you.
* * * LOW HITPOINT WARNING * * *
The sky beast shocks you.
* * * LOW HITPOINT WARNING * * *
The gnoll hits you but does no damage. The sky beast completely misses you.
You furiously retaliate!
You headbutt the sky beast. The gnoll closely misses you.
The sky beast attacks as you move away!
The sky beast hits you but does no damage.
The sky beast completely misses you. The gnoll hits you but does no damage.
You closely miss the sky beast.
The sky beast is severely wounded.
The gnoll hits you but does no damage.
The sky beast flickers out of sight!
Deactivating autopickup; reactivate with Ctrl-A.
Something hits you but does no damage.
An orc comes into view. It is wielding a +0 falchion.
Your skin crawls.
You feel strong-willed. Something hits you.
* * * LOW HITPOINT WARNING * * *
Something shocks you.
* * * LOW HITPOINT WARNING * * *
The gnoll hits you but does no damage. Something hits you.
* * * LOW HITPOINT WARNING * * *
Something shocks you.
You die...

#...#####
#........
##........
###.........
.'..>......
####o).......
#..<)g.#
.....!##){.#
....# #.@.#
..# #...# #
#####


You could see a gnoll and an orc.

Vanquished Creatures
  Edmund (D:4)
  A black bear (D:6)
  A centaur (D:5)
  2 scorpions (D:5)
  A howler monkey (D:6)
  A gnoll bouda (D:5)
  2 sleepcaps
  2 iguanas
  Natasha (thrice) (D:2)
  Robin (D:2)
  5 adders
  12 gnolls
  3 ufetubi
  A worm (D:2)
  A dart slug (D:3)
  5 orcs
  5 endoplasms
  4 giant cockroaches
  11 goblins
  11 hobgoblins
  3 jackals (D:2)
  6 kobolds
  A quokka (D:1)
  5 ball pythons
  2 bats
  3 frilled lizards
  6 rats
99 creatures vanquished.

Vanquished Creatures (others)
  A goblin (D:2)
  A plant (D:1)
  A withered plant (D:1)
3 creatures vanquished.

Grand Total: 102 creatures vanquished

Notes
Turn   | Place    | Note
-------+----------+-------------------------------------------
     0 | D:1      | Antologik the Minotaur Berserker began the quest for the
                  | Orb.
     0 | D:1      | Reached XP level 1. HP: 19/19 MP: 0/0
   181 | D:1      | Reached XP level 2. HP: 27/27 MP: 1/1
   321 | D:1      | Found a faded altar of an unknown god.
   381 | D:1      | Found Zipreul's Weapon Boutique.
   733 | D:2      | Reached XP level 3. HP: 24/33 MP: 2/2
   761 | D:2      | Noticed Robin
   777 | D:2      | Killed Robin
   819 | D:2      | Reached ** piety under Trog
   930 | D:2      | Noticed Natasha
   936 | D:2      | Killed Natasha
   937 | D:2      | Reached skill level 5 in Polearms
   937 | D:2      | Reached XP level 4. HP: 35/41 MP: 3/3
  1063 | D:2      | Noticed Natasha
  1072 | D:2      | Killed Natasha
  1164 | D:2      | Noticed Natasha
  1177 | D:2      | Killed Natasha
  1178 | D:2      | Reached XP level 5. HP: 25/47 MP: 4/4
  1719 | D:3      | Reached skill level 5 in Fighting
  1722 | D:3      | Identified the +1 rapier of Prudence {protect, rElec rN+
                  | SInv}
  2715 | D:4      | Found a staircase to the Ecumenical Temple.
  2731 | Temple   | Entered the Ecumenical Temple
  2903 | D:4      | Reached skill level 1 in Short Blades
  2920 | D:4      | Noticed Edmund
  2936 | D:4      | Killed Edmund
  2937 | D:4      | Reached XP level 6. HP: 43/56 MP: 5/5
  3018 | D:4      | Found a glowing silver altar of Zin.
  3391 | D:4      | Found an iron altar of Okawaru.
  3540 | D:4      | Reached *** piety under Trog
  3622 | D:4      | Found a sacrificial altar of Ru.
  3624 | D:4      | Found a shadowy altar of Dithmenos.
  4145 | D:5      | Entered Level 5 of the Dungeon
  4208 | D:5      | Reached skill level 1 in Maces & Flails
  4294 | D:5      | Reached skill level 5 in Armour
  4294 | D:5      | Reached skill level 1 in Evocations
  4294 | D:5      | Reached XP level 7. HP: 44/61 MP: 6/6
  4626 | D:5      | Found a basalt altar of Yredelemnul.
  4948 | D:6      | Slain by a sky beast

Illustrated notes

Levels and vault maps discovered:
D:1:      dpeg_arrival_orchard, layout_rooms, serial_shops, shop,
          ebering_ecumenical_altar_petrified
D:2:      layout_rooms, uniq_natasha, uniq_robin
D:3:      layout_basic, chequers_decorated_corner, kennysheep_nondescript,
          grunt_decor_clamped, kennysheep_cross_room, hex_large
D:4:      layout_basic, zin_treasury, mainiacjoe_overflow_surrounded_room,
          grunt_temple_overflow_open, minmay_temple_entry_arrows,
          serial_bayou_pond_d, roderic_lattice_a, uniq_edmund
D:5:      layout_loops_ring, marbit_many_paths
D:6:      layout_basic, serial_shops, nicolae_shop_stone
Temple:   compressed_dpeg_circular_temple

Skill      XL: |  1  2  3  4  5  6  7 |
---------------+----------------------+-----
Polearms       | 4 5 |  5.6
Fighting       | 4 5 |  5.6
Armour         | 3 4 5 |  5.4
Short Blades   | 2 |  2.6
Dodging        | 3 |  3.2
Maces & Flails | 1 4 |  4.6
Evocations     | 1 2 |  2.1
Ranged Weapons | |  0.1

Action                     |  1- 3 |  4- 6 |  7- 9 || total
---------------------------+-------+-------+-------++-------
  Melee: Spear             |    72 |    46 |       ||   118
         Headbutt          |    14 |    18 |    10 ||    42
         Punch             |     2 |       |       ||     2
         Short sword       |    11 |    12 |       ||    23
         Rapier            |       |    43 |       ||    43
         Dire flail        |       |    39 |    55 ||    94
   Fire: Sling             |     1 |     1 |       ||     2
 Invoke: Berserk           |     1 |     2 |     2 ||     5
         Trog's Hand       |       |     1 |     2 ||     3
  Evoke: Wand              |       |     1 |       ||     1
 Armour: Scale mail        |    20 |    64 |    58 ||   142
         Leather armour    |     2 |       |       ||     2
  Dodge: Dodged            |    53 |    91 |    55 ||   199

Table legend: (Time is in decaauts)
 A = Elapsed time spent in this place.
 B = Non-inter-level travel time spent in this place.
 C = Inter-level travel time spent in this place.
 D = Time resting spent in this place.
 E = Time spent auto-exploring this place.
 F = Levels seen in this place.
 G = Mean time per level.
                   A        B        C        D        E       F      G
               +--------+--------+--------+--------+--------+-----+--------+
         Total |   4991 |   1478 |   3513 |      0 |    788 |   7 |  713.0 |
       Dungeon |   4849 |   1476 |   3373 |      0 |    788 |   6 |  808.2 |
        Temple |    141 |      1 |    140 |      0 |      0 |   1 |  141.0 |
               +--------+--------+--------+--------+--------+-----+--------+

Top non-repeatable levels by time:
     D:4: 1336 daAuts
     D:3: 1224 daAuts
     D:2: 811 daAuts
     D:5: 800 daAuts
     D:1: 644 daAuts
  Temple: 141 daAuts
     D:6: 32 daAuts
